ORI
LOUISIANA STATE UNIVERSITY TIGERS @ COASTAL CAROLINA UNIVERSITY CHANTICLEERS
09/02/2049
 
TOP OF THE 1ST
Louisiana State University Tigers batting - Pitching for Coastal Carolina University Chanticleers : RHP Pedro Delgado
Pitching: RHP Pedro Delgado
Batting: RHB Bernie Benavides 0-0: Swinging Strike
0-1: Called Strike
0-2: Ball
1-2: Strikes out swinging
Batting: RHB Keith Ashton 0-0: Ball
1-0: Ball
2-0: Ball
3-0: Called Strike
3-1: Called Strike
3-2: Base on Balls
Batting: RHB Stewart Walker 0-0: Called Strike
0-1: Swinging Strike
0-2: SINGLE (Flyball, 3D, EV 90.6 MPH)
Keith Ashton to second
Batting: LHB Oscar Rivera 0-0: Ball
1-0: Ball
2-0: Ball
3-0: Base on Balls
Keith Ashton to third
Stewart Walker to second
Batting: LHB Matt Ellington 0-0: Called Strike
0-1: Ball
1-1: Foul Ball, location: 2F
1-2: Ball
2-2: Foul Ball, location: 2F
2-2: Strikes out looking
Batting: LHB Manny Grado 0-0: Fly out, F5 (Line Drive, 56, EV 68.8 MPH)
Top of the 1st over - 0 runs, 1 hit, 0 errors, 3 left on base; Louisiana State University 0 - Coastal Carolina University 0
BOTTOM OF THE 1ST
Coastal Carolina University Chanticleers batting - Pitching for Louisiana State University Tigers : LHP Nate Dawn
Pitching: LHP Nate Dawn
Batting: RHB Tristan Williams 0-0: Foul Ball, location: 2F
0-1: Foul Ball, location: 2F
0-2: Ball
1-2: Strikes out swinging
Batting: RHB Rene Napoles 0-0: Called Strike
0-1: Foul Ball, location: 2F
0-2: Ball
1-2: Strikes out swinging
Batting: RHB Tristan Walsh 0-0: Called Strike
0-1: Ball
1-1: Called Strike
1-2: Fly out, F4 (Flyball, 34D, EV 91.2 MPH)
Bottom of the 1st over - 0 runs, 0 hits, 0 errors, 0 left on base; Louisiana State University 0 - Coastal Carolina University 0
TOP OF THE 2ND
Louisiana State University Tigers batting - Pitching for Coastal Carolina University Chanticleers : RHP Pedro Delgado
Batting: SHB Brian Caruso 0-0: Ball
1-0: Foul Ball, location: 2F
1-1: Foul Ball, location: 2F
1-2: Strikes out swinging
Batting: LHB Jon Valdez 0-0: Called Strike
0-1: Foul Ball, location: 2F
0-2: Fly out, F8 (Flyball, 8RM, EV 80.0 MPH)
Batting: RHB Byung-hee Jee 0-0: Called Strike
0-1: Swinging Strike
0-2: Foul Ball, location: 2F
0-2: Ball
1-2: Strikes out looking
Top of the 2nd over - 0 runs, 0 hits, 0 errors, 0 left on base; Louisiana State University 0 - Coastal Carolina University 0
BOTTOM OF THE 2ND
Coastal Carolina University Chanticleers batting - Pitching for Louisiana State University Tigers : LHP Nate Dawn
Batting: RHB Mark Tart 0-0: Swinging Strike
0-1: Called Strike
0-2: Ball
1-2: Ball
2-2: Ball
3-2: Ground out 6-3 (Groundball, 6, EV 88.8 MPH)
Batting: LHB Tim Kirby 0-0: Ball
1-0: Swinging Strike
1-1: Ball
2-1: Called Strike
2-2: Strikes out looking
Batting: RHB Dennis Margolis 0-0: Called Strike
0-1: Ball
1-1: Ball
2-1: Called Strike
2-2: SINGLE (Line Drive, 5L, EV 94.4 MPH)
Batting: LHB Justin Sanders 0-0: Ball
1-0: Called Strike
1-1: Ground out 4-3 (Groundball, 4, EV 99.4 MPH)
Bottom of the 2nd over - 0 runs, 1 hit, 0 errors, 1 left on base; Louisiana State University 0 - Coastal Carolina University 0
TOP OF THE 3RD
Louisiana State University Tigers batting - Pitching for Coastal Carolina University Chanticleers : RHP Pedro Delgado
Batting: RHB Bernie Benavides 0-0: Ball
1-0: Ball
2-0: Foul Ball, location: 2F
2-1: Ball
3-1: Foul Ball, location: 2F
3-2: SINGLE (Groundball, 13S, EV 66.9 MPH) (infield hit)
Batting: RHB Keith Ashton 0-0: Ball
1-0: Fly out, F8 (Line Drive, 8LD, EV 91.2 MPH)
Batting: RHB Stewart Walker 0-0: Ball
1-0: Grounds into double play, 4-6-3 (Groundball, 34S, EV 84.4 MPH)
Top of the 3rd over - 0 runs, 1 hit, 0 errors, 0 left on base; Louisiana State University 0 - Coastal Carolina University 0
BOTTOM OF THE 3RD
Coastal Carolina University Chanticleers batting - Pitching for Louisiana State University Tigers : LHP Nate Dawn
Batting: RHB Chris McDaniel 0-0: Ball
1-0: Swinging Strike
1-1: Ground out 1-3 (Groundball, P, EV 66.9 MPH)
Batting: LHB Jeremy Stockwell 0-0: Swinging Strike
0-1: Ball
1-1: Foul Ball, location: 2F
1-2: Strikes out swinging
Batting: RHB Tristan Williams 0-0: Ground out 6-3 (Groundball, 6, EV 85.6 MPH)
Bottom of the 3rd over - 0 runs, 0 hits, 0 errors, 0 left on base; Louisiana State University 0 - Coastal Carolina University 0
TOP OF THE 4TH
Louisiana State University Tigers batting - Pitching for Coastal Carolina University Chanticleers : RHP Pedro Delgado
Batting: LHB Oscar Rivera 0-0: Ball
1-0: Ball
2-0: Ball
3-0: Called Strike
3-1: Base on Balls
Batting: LHB Matt Ellington 0-0: Ball
1-0: Ball
Passed Ball!
Oscar Rivera to second
2-0: Ball
3-0: Base on Balls
Batting: LHB Manny Grado 0-0: Foul Ball, location: 2F
0-1: Foul Ball, location: 2F
0-2: Strikes out swinging
Batting: SHB Brian Caruso 0-0: Called Strike
0-1: Ball
1-1: Swinging Strike
1-2: Ball
2-2: Ball
3-2: Foul Ball, location: 2F
3-2: Foul Ball, location: 2F
3-2: Base on Balls
Oscar Rivera to third
Matt Ellington to second
Batting: LHB Jon Valdez 0-0: Fly out, F8 (Flyball, 8LXD, EV 103.8 MPH)
Runner from 3rd tags up, SCORES, no throw by CF
Batting: RHB Byung-hee Jee 0-0: Ball
1-0: Fly out, F8 (Flyball, 8LD, EV 100.6 MPH)
Top of the 4th over - 1 run, 0 hits, 0 errors, 2 left on base; Louisiana State University 1 - Coastal Carolina University 0
BOTTOM OF THE 4TH
Coastal Carolina University Chanticleers batting - Pitching for Louisiana State University Tigers : LHP Nate Dawn
Batting: RHB Rene Napoles 0-0: Foul Ball, location: 2F
0-1: Ball
1-1: Ball
2-1: Foul Ball, location: 2F
2-2: Strikes out swinging
Batting: RHB Tristan Walsh 0-0: Ball
1-0: Called Strike
1-1: Ball
2-1: Swinging Strike
2-2: Foul Ball, location: 2F
2-2: Ball
3-2: Base on Balls
Batting: RHB Mark Tart 0-0: Ball
1-0: Called Strike
1-1: Hit by Pitch
Tristan Walsh to second
Batting: LHB Tim Kirby 0-0: Ball
1-0: Ball
Wild Pitch!
Tristan Walsh to third
Mark Tart to second
2-0: Ball
3-0: Called Strike
3-1: Called Strike
3-2: Foul Ball, location: 2F
3-2: Base on Balls
Batting: RHB Dennis Margolis 0-0: Called Strike
0-1: Ball
1-1: Fly out, F9 (Line Drive, 9S, EV 90.0 MPH)
Batting: LHB Justin Sanders 0-0: Ball
1-0: Ball
2-0: Ball
3-0: Called Strike
3-1: Swinging Strike
3-2: Base on Balls
Tristan Walsh scores
Mark Tart to third
Tim Kirby to second
Batting: RHB Chris McDaniel 0-0: Called Strike
0-1: Ball
1-1: Foul Ball, location: 2F
1-2: Strikes out swinging
Bottom of the 4th over - 1 run, 0 hits, 0 errors, 3 left on base; Louisiana State University 1 - Coastal Carolina University 1
TOP OF THE 5TH
Louisiana State University Tigers batting - Pitching for Coastal Carolina University Chanticleers : RHP Pedro Delgado
Batting: RHB Bernie Benavides 0-0: Called Strike
0-1: Ball
1-1: Ball
2-1: Swinging Strike
2-2: Foul Ball, location: 2F
2-2: Ground out 5-3 (Groundball, 56S, EV 80.0 MPH)
Pitching: RHP Eric Dunkerley
Batting: RHB Keith Ashton 0-0: Ball
1-0: Ground out 5-3 (Groundball, 15, EV 89.4 MPH)
Batting: RHB Stewart Walker 0-0: Ball
1-0: Ball
2-0: Called Strike
2-1: Ball
3-1: Foul Ball, location: 2F
3-2: Base on Balls
Batting: LHB Oscar Rivera 0-0: Ball
Stewart Walker steals 2nd base
1-0: Foul Ball, location: 2F
1-1: Ball
2-1: Foul Ball, location: 2F
2-2: SINGLE (Groundball, 3D, EV 96.2 MPH)
Stewart Walker to third
Runner from 3rd tries for Home, SAFE, throw by RF to home
Batting: LHB Matt Ellington 0-0: Ball
1-0: Ball
2-0: Ball
3-0: Base on Balls
Oscar Rivera to second
Batting: LHB Manny Grado 0-0: Foul Ball, location: 2F
0-1: Foul Ball, location: 2F
0-2: Ground out 4-3 (Groundball, 4, EV 83.8 MPH)
Top of the 5th over - 1 run, 1 hit, 0 errors, 2 left on base; Louisiana State University 2 - Coastal Carolina University 1
BOTTOM OF THE 5TH
Coastal Carolina University Chanticleers batting - Pitching for Louisiana State University Tigers : LHP Nate Dawn
Batting: LHB Jeremy Stockwell 0-0: Ball
1-0: Foul Ball, location: 2F
1-1: Foul Ball, location: 2F
1-2: Ball
2-2: Foul Ball, location: 2F
2-2: Ball
3-2: Foul Ball, location: 2F
3-2: Strikes out swinging
Pitching: RHP Jason Reger
Batting: RHB Tristan Williams 0-0: Fly out, F9 (Flyball, 9LM, EV 98.1 MPH)
Pinch Hitting: RHB Mike Grogan 0-0: Swinging Strike
0-1: Ball
1-1: Swinging Strike
1-2: Foul Ball, location: 2F
1-2: Ball
2-2: Strikes out swinging
Bottom of the 5th over - 0 runs, 0 hits, 0 errors, 0 left on base; Louisiana State University 2 - Coastal Carolina University 1
TOP OF THE 6TH
Louisiana State University Tigers batting - Pitching for Coastal Carolina University Chanticleers : RHP Eric Dunkerley
Now at SS: Tristan Williams
Now in CF: Iher Waithaka
Batting: SHB Brian Caruso 0-0: Foul Ball, location: 2F
0-1: Called Strike
0-2: Ball
1-2: Foul Ball, location: 2F
1-2: Strikes out looking
Batting: LHB Jon Valdez 0-0: Ball
1-0: Ball
2-0: Foul Ball, location: 2F
2-1: Foul Ball, location: 2F
2-2: Ball
3-2: Ground out 3-1 (Groundball, 34, EV 101.2 MPH)
Batting: RHB Byung-hee Jee 0-0: Ball
1-0: Reached on error, E6 (Groundball, 6, EV 97.5 MPH)
Batting: RHB Bernie Benavides 0-0: Called Strike
0-1: Swinging Strike
0-2: Ball
1-2: Ball
2-2: Strikes out swinging
Top of the 6th over - 0 runs, 0 hits, 1 error, 1 left on base; Louisiana State University 2 - Coastal Carolina University 1
BOTTOM OF THE 6TH
Coastal Carolina University Chanticleers batting - Pitching for Louisiana State University Tigers : RHP Jason Reger
Batting: RHB Tristan Walsh 0-0: Fly out, F8 (Flyball, 8RS, EV 95.6 MPH)
Batting: RHB Mark Tart 0-0: Ball
1-0: Foul Ball, location: 2F
1-1: Swinging Strike
1-2: Foul Ball, location: 2F
1-2: Strikes out swinging
Batting: LHB Tim Kirby 0-0: Called Strike
0-1: Ball
1-1: Foul Ball, location: 2F
1-2: Strikes out swinging
Bottom of the 6th over - 0 runs, 0 hits, 0 errors, 0 left on base; Louisiana State University 2 - Coastal Carolina University 1
TOP OF THE 7TH
Louisiana State University Tigers batting - Pitching for Coastal Carolina University Chanticleers : RHP Eric Dunkerley
Pitching: LHP David Medina
Batting: RHB Keith Ashton 0-0: Ball
1-0: Ball
2-0: Ground out 6-3 (Groundball, 56D, EV 80.6 MPH)
Batting: RHB Stewart Walker 0-0: Ball
1-0: Ball
2-0: Called Strike
2-1: Swinging Strike
2-2: Strikes out swinging
Batting: LHB Oscar Rivera 0-0: Ball
1-0: Ball
2-0: Foul Ball, location: 2F
2-1: Reached on error, E6 (Groundball, 6, EV 81.9 MPH)
Batting: LHB Matt Ellington 0-0: Ball
1-0: Called Strike
1-1: Ball
2-1: Foul Ball, location: 2F
2-2: Foul Ball, location: 2F
2-2: Foul Ball, location: 2F
2-2: Strikes out looking
Top of the 7th over - 0 runs, 0 hits, 1 error, 1 left on base; Louisiana State University 2 - Coastal Carolina University 1
BOTTOM OF THE 7TH
Coastal Carolina University Chanticleers batting - Pitching for Louisiana State University Tigers : RHP Jason Reger
Batting: RHB Dennis Margolis 0-0: Ball
1-0: Called Strike
1-1: Fly out, F7 (Flyball, 7, EV 83.8 MPH)
Batting: LHB Justin Sanders 0-0: Called Strike
0-1: Ball
1-1: Foul Ball, location: 2F
1-2: Strikes out swinging
Pinch Hitting: LHB Nate Kokx 0-0: Ball
1-0: Fly out, F8 (Flyball, 78M, EV 91.9 MPH)
Bottom of the 7th over - 0 runs, 0 hits, 0 errors, 0 left on base; Louisiana State University 2 - Coastal Carolina University 1
TOP OF THE 8TH
Louisiana State University Tigers batting - Pitching for Coastal Carolina University Chanticleers : LHP David Medina
Pitching: LHP Rocco Calvocoressi
Now in LF: Nate Kokx
Batting: LHB Manny Grado 0-0: Called Strike
0-1: Swinging Strike
0-2: Foul Ball, location: 2F
0-2: Strikes out swinging
Batting: SHB Brian Caruso 0-0: Ball
1-0: Swinging Strike
1-1: Ball
2-1: Foul Ball, location: 2F
2-2: Foul Ball, location: 2F
2-2: Foul Ball, location: 2F
2-2: Ball
3-2: Strikes out looking
Batting: LHB Jon Valdez 0-0: Fly out, F6 (Popup, 6, EV 80.6 MPH)
Top of the 8th over - 0 runs, 0 hits, 0 errors, 0 left on base; Louisiana State University 2 - Coastal Carolina University 1
BOTTOM OF THE 8TH
Coastal Carolina University Chanticleers batting - Pitching for Louisiana State University Tigers : RHP Jason Reger
Batting: LHB Jeremy Stockwell 0-0: Ball
1-0: Called Strike
1-1: Ball
2-1: Foul Ball, location: 2F
2-2: Ball
3-2: Base on Balls
Batting: RHB Tristan Williams 0-0: Bunted foul
0-1: Bunt missed!
0-2: Ball
1-2: Ground out 4-3 (Groundball, 34D, EV 97.5 MPH)
Jeremy Stockwell to second
Pitching: RHP Rogelio Rivera
Batting: SHB Iher Waithaka 0-0: Ball
1-0: Called Strike
1-1: Called Strike
1-2: Foul Ball, location: 2F
1-2: Strikes out swinging
Batting: RHB Tristan Walsh 0-0: Ball
1-0: Ball
2-0: Called Strike
2-1: Ground out 5-3 (Groundball, 5L, EV 80.0 MPH)
Bottom of the 8th over - 0 runs, 0 hits, 0 errors, 1 left on base; Louisiana State University 2 - Coastal Carolina University 1
TOP OF THE 9TH
Louisiana State University Tigers batting - Pitching for Coastal Carolina University Chanticleers : LHP Rocco Calvocoressi
Pitching: LHP Caleb Rohde
Batting: RHB Byung-hee Jee 0-0: Ground out 6-3 (Groundball, 6, EV 79.4 MPH)
Batting: RHB Bernie Benavides 0-0: Called Strike
0-1: Foul Ball, location: 2F
0-2: Foul Ball, location: 2F
0-2: Strikes out swinging
Batting: RHB Keith Ashton 0-0: Called Strike
0-1: SINGLE (Line Drive, 7LS, EV 106.9 MPH)
Batting: RHB Stewart Walker 0-0: Ball
1-0: Foul Ball, location: 2F
1-1: Ball
2-1: Foul Ball, location: 2LF, Error on foul ball, E2
2-2: Foul Ball, location: 2F
2-2: Ground out 5-3 (Groundball, 56S, EV 68.8 MPH)
Top of the 9th over - 0 runs, 1 hit, 1 error, 1 left on base; Louisiana State University 2 - Coastal Carolina University 1
BOTTOM OF THE 9TH
Coastal Carolina University Chanticleers batting - Pitching for Louisiana State University Tigers : RHP Rogelio Rivera
Pitching: LHP Clyde Fisher
Batting: RHB Mark Tart 0-0: Ground out 5-3 (Groundball, 5, EV 80.0 MPH)
Batting: LHB Tim Kirby 0-0: Called Strike
0-1: Ground out 4-3 (Groundball, 4, EV 87.5 MPH)
Batting: RHB Dennis Margolis 0-0: Called Strike
0-1: Foul Ball, location: 2F
0-2: Ball
1-2: Strikes out looking
Bottom of the 9th over - 0 runs, 0 hits, 0 errors, 0 left on base; Louisiana State University 2 - Coastal Carolina University 1
Sunday, July 16th , 2023 - OOTP Baseball 24.6 Build 69